Map: Emerald City LE

Players

NoMore

  • Race: Protoss Protoss
  • League: Platinum
  • Spawn Location: 11:00

FurLbauth

  • Race: Zerg Zerg
  • League: Silver
  • Spawn Location: 11:00

OpuS - Winner!

  • Race: Protoss Protoss
  • League: Platinum
  • Spawn Location: 5:00

Sketchaphone - Winner!

  • Race: Zerg Zerg
  • League: Platinum
  • Spawn Location: 5:00

VOD

Have the link to the VOD?

Description

Time

  • Played on: Feb. 23, 2019, 9 p.m.
  • Length: 8:08
Show
View Real Time Build Order
Export as new Build Order

NoMore Protoss 

Build Orders: Oracle Opening 

Get SALT Encoding   

  12  0:00  Probe  
  13  0:13  Probe  
  14  0:17  Pylon  
  14  0:25  Probe  
  15  0:37  Gateway  
  15  0:41  Probe  
  16  0:45  Assimilator  
  16  0:53  Probe  
  17  1:04  Probe  
  18  1:12  Probe  
  19  1:20  Probe  
  20  1:29  Cybernetics Core  
  20  1:33  Pylon  
  20  1:34  Zealot  
  22  1:50  Probe  
  22  1:52  Assimilator  
  23  2:02  Probe  
  24  2:10  Nexus  
  24  2:11  Warp Gate  
  24  2:18  Stalker  
  26  2:27  Pylon  
  26  2:28  Probe  
  27  2:40  Probe  
  28  2:47  Stalker  
  30  2:57  Stargate  
  30  3:08  Stalker  
  30  3:10  Assimilator  
  30  3:11  Probe  
  31  3:13  Pylon  
  31  3:33  Stalker  
  31  3:47  Oracle  
  28  3:54  Probe x2  
  31  4:07  Probe  
  31  4:08  Probe  
  33  4:14  Robotics Facility  
  33  4:16  Twilight Council  
  33  4:20  Probe  
  34  4:24  Probe  
  34  4:27  Stalker  
  34  4:30  Shield Battery  
  37  4:32  Probe  
  38  4:40  Probe, Gateway  
  38  4:41  Oracle  
  38  4:44  Probe  
  43  5:06  Pylon  
  43  5:12  Forge  
  43  5:13  Forge  
  31  5:37  Probe x2  
  31  5:38  Oracle  
  36  6:10  Probe x2  
  38  6:22  Probe  
  38  6:23  Probe  
  38  6:24  Adept  
  39  6:31  Adept  
  38  6:34  Probe  
  38  6:35  Probe  
  38  6:36  Warp Prism  
  42  6:47  Probe x2  
  41  6:59  Probe  
  41  7:00  Probe  
  42  7:10  Adept x2  
  42  7:11  Probe  
  33  7:32  Stalker x2  
  23  7:46  Probe  
  23  7:47  Probe  
Show
View Real Time Build Order
Export as new Build Order

FurLbauth Zerg 

Build Orders: Hatch First 

Get SALT Encoding   

  12  0:02  Drone  
  13  0:13  Drone  
  14  0:18  Overlord  
  14  0:45  Drone x2  
  14  0:48  Drone  
  17  1:02  Hatchery  
  17  1:03  Extractor  
  15  1:12  Spawning Pool  
  14  1:20  Drone x2  
  16  1:31  Drone x2  
  18  1:45  Drone  
  19  1:58  Drone  
  19  1:59  Queen  
  22  2:32  Hatchery  
  22  2:35  Queen  
  23  2:43  Zergling x6  
  23  2:44  Metabolic Boost  
  26  2:55  Drone x2  
  26  2:57  Overlord  
  26  2:58  Overlord  
  27  3:29  Zergling x6  
  27  3:30  Zergling x8  
  34  3:41  Zergling x4  
  31  4:15  Queen  
  33  4:20  Zergling x6  
  33  4:21  Zergling x2  
  37  4:24  Lair  
  37  4:31  Extractor  
  36  4:34  Drone  
  36  4:35  Evolution Chamber x2, Drone x5  
  40  4:39  Zergling x6  
  40  4:40  Zergling x2  
  44  4:52  Drone x3  
  47  5:18  Zergling x2  
  47  5:19  Overlord, Zergling x2  
  47  5:20  Overlord x3  
  47  5:21  Overlord  
  49  5:28  Spore Crawler  
  48  5:30  Spore Crawler  
  48  5:34  Spore Crawler  
  46  5:45  Spore Crawler  
  46  5:47  Drone x3  
  46  5:48  Drone x2  
  36  6:33  Drone  
  36  6:34  Drone x5  
  36  6:38  Extractor  
  36  6:39  Queen, Extractor  
  37  7:03  Zergling x2  
  37  7:04  Zergling x6  
  40  7:19  Zergling x6  
  40  7:20  Zergling x2  
  41  7:34  Nydus Network  
  40  7:38  Spire  
Show
View Real Time Build Order
Export as new Build Order

OpuS Protoss - Winner!

Build Orders: Oracle Opening 

Get SALT Encoding   

  12  0:01  Probe  
  13  0:13  Probe  
  14  0:19  Pylon  
  14  0:25  Probe  
  15  0:37  Probe  
  15  0:41  Gateway  
  16  0:47  Probe  
  17  0:54  Assimilator  
  17  0:56  Assimilator  
  17  1:04  Probe  
  17  1:06  Gateway  
  18  1:14  Probe  
  19  1:22  Probe  
  19  1:28  Cybernetics Core  
  19  1:30  Probe  
  20  1:38  Pylon  
  21  1:51  Probe  
  22  1:54  Warp Gate  
  22  2:03  Probe  
  22  2:05  Stalker x2  
  27  2:17  Probe  
  28  2:32  Pylon  
  28  2:36  Stargate  
  27  2:38  Pylon  
  27  3:02  Nexus  
  27  3:06  Probe  
  27  3:12  Adept  
  30  3:14  Adept  
  32  3:42  Oracle  
  35  3:55  Probe  
  34  4:02  Gateway  
  32  4:04  Gateway  
  32  4:07  Twilight Council, Probe  
  33  4:10  Pylon  
  33  4:16  Void Ray  
  33  4:19  Probe  
  38  4:32  Charge  
  38  4:33  Probe x2  
  40  4:48  Pylon  
  40  4:50  Zealot x2  
  44  4:56  Probe x2  
  46  5:17  Probe x2  
  48  5:26  Zealot x4  
  56  5:29  Void Ray  
  60  5:40  Shield Battery  
  60  5:44  Pylon  
  60  5:52  Zealot  
  60  5:53  Zealot  
  61  6:02  Probe x2  
  58  6:06  Shield Battery  
  58  6:07  Void Ray  
  49  6:36  Probe  
  49  6:38  Probe  
  51  6:59  Probe x2  
  53  7:13  Probe x2  
  53  7:14  Void Ray  
  43  7:46  Zealot  
  43  7:47  Zealot x3  
  43  7:49  Probe  
  50  7:55  Probe  
Show
View Real Time Build Order
Export as new Build Order

Sketchaphone Zerg - Winner!

Build Orders: Hatch First 

Get SALT Encoding   

  12  0:03  Drone  
  13  0:13  Overlord  
  13  0:18  Drone  
  14  0:21  Extractor  
  14  0:24  Drone  
  15  0:31  Drone  
  17  0:35  Drone  
  17  0:56  Hatchery  
  16  0:59  Drone  
  16  1:00  Drone  
  18  1:04  Extractor  
  17  1:18  Spawning Pool  
  17  1:21  Drone  
  17  1:31  Drone  
  18  1:34  Drone  
  19  1:49  Drone  
  20  1:59  Overlord  
  20  2:06  Queen  
  22  2:09  Queen  
  22  2:11  Metabolic Boost  
  22  2:14  Zergling x4  
  26  2:20  Zergling x2  
  26  2:21  Zergling x2  
  28  2:25  Zergling x2  
  29  2:32  Zergling x2  
  29  2:34  Zergling x2  
  31  2:44  Overlord  
  31  2:51  Zergling x4  
  31  2:55  Overlord  
  33  3:03  Evolution Chamber  
  32  3:09  Pneumatized Carapace  
  32  3:10  Overlord  
  31  3:29  Drone x3  
  30  3:44  Zerg Melee Weapons Level 1  
  30  3:45  Drone x2  
  32  3:54  Drone x2  
  32  3:55  Drone  
  33  4:05  Drone x3  
  35  4:11  Roach Warren  
  35  4:14  Drone  
  35  4:16  Drone  
  36  4:25  Hatchery  
  35  4:38  Zergling x14  
  42  4:44  Drone  
  43  4:47  Drone  
  44  4:55  Spine Crawler  
  43  5:00  Zergling x6  
  43  5:05  Zergling x4  
  43  5:06  Drone  
  50  5:17  Overlord  
  50  5:20  Lair  
  50  5:22  Drone x2  
  50  5:28  Drone  
  52  5:35  Spore Crawler  
  52  5:38  Drone x4  
  52  5:39  Spore Crawler, Zerg Ground Armor Level 1  
  54  5:46  Overlord  
  54  5:48  Hatchery  
  54  5:49  Drone  
  48  5:58  Drone x5  
  48  5:59  Drone x2  
  52  6:24  Drone x2  
  52  6:25  Drone x2  
  55  6:32  Drone x2  
  50  6:41  Zergling x4  
  50  6:45  Extractor  
  51  6:47  Extractor  
  51  6:48  Queen  
  51  6:49  Drone  
  51  6:52  Extractor  
  52  6:55  Burrow  
  52  6:58  Infestation Pit, Drone  
  52  7:02  Queen  
  53  7:12  Zergling x8  
  56  7:22  Evolution Chamber  
  55  7:26  Drone x4  
  58  7:35  Zergling x2  
  59  7:47  Overlord  
  61  8:06  Hatchery  
Tags
 
Add a new tag
Caveats
  • Supply blocks, unpowered buildings, or Contaminate may cause inaccurate times.
  • Supply counts are checked every 10 seconds.